cohdb
Replays
Latest Replays
All Replays
Popular Replays
Top Player Replays
Match Explorer
How It Works
Community
CoH3 Stats
Reddit
Sign in to upload your games and track your stats! →
Sign in with Steam
Match 41587145
Unlisted
Match 41587145
Overview
Messages
Build Orders
End
Kradschützen Motorcycle Team
Panzergrenadier Squad
Panzergrenadier Squad
250 Light Carrier
Construct Light Support Kompanie
Fire Support Elements
Selects Panzerjäger Kommand Battlegroup
Selects GrB 39 Grenade Launcher Requisition
Selects Mine Fields
Combat Half-tracks
Flakvierling Half-track
Veteran Squad Leaders
Pak 38 Mechanized Group
Vehicle Survival Package
Construct Panzerarmee Kommand
Walking Stuka Rocket Launcher
Tungsten Core Ammunition
Emergency Repair Kits
Selects Defensive Positions
Selects Butterfly Bomb Drop
Rapid Advance
Armored Reserves
Butterfly Bomb Drop
Tiger Heavy Tank
午睡红茶
Roopdiggity
DHellstrom
CPU_Eazy
侠客
Steken
Bärs Anders
J LEE
0
0
Comments
sign in to comment!
No comments posted yet!